 Dungeon Crawl Stone Soup version 0.16-a0-3154-g62f4276 (webtiles) character file.

33 backslashecho the Grasshopper (level 3, 4/23 HPs)
             Began as a Lacertilian Warper on Apr 11, 2015.
             Quit the game on level 2 of the Dungeon.
             The game lasted 00:04:15 (1291 turns).

backslashecho the Grasshopper (Lacertilian Warper)  Turns: 1291, Time: 00:04:15

Health: 4/23       AC:  6    Str:  8    XL:     3   Next: 12%
Magic:  5/5        EV: 11    Int: 14    God:
Gold:   48         SH:  0    Dex: 13    Spells: 1 memorised, 4 levels left

rFire  . . .     SeeInvis +     a - +0 short sword
rCold  + . .     Clarity  .     b - +0 leather armour
rNeg   . . .     SustAb   .     (no shield)
rPois  .         Gourm    .     (no helmet)
rElec  .         Spirit   .     (no cloak)
rCorr  .         Warding  .     (no gloves)
rMut   .         Stasis   .     (no boots)
MR     +....                    (no amulet)
Stlth  ++........               (no ring)
                                i - ring of see invisible

@: lethally poisoned, somewhat resistant to hostile enchantments, unstealthy
A: strong connection with the divine, slimy green scales 2, camouflage 1, cold
resistance 1, deterioration 2, magic resistance 1, weak 1, evolution 1
a: no special abilities


You were on level 2 of the Dungeon.
You were not hungry.

You visited 1 branch of the dungeon, and saw 2 of its levels.

You collected 48 gold pieces.

Inventory:

Hand weapons
 a - a +0 short sword (weapon)
Missiles
 e - 5 tomahawks of dispersal (quivered)
Armour
 b - a +0 leather armour (worn)
Jewellery
 i - a ring of see invisible (left hand)
Scrolls
 d - a scroll of blinking
 h - 2 scrolls of identify
Books
 c - a book of Spatial Translocations

   Spells                             Type                      Level
   a - Apportation                    Translocation                1
   b - Blink                          Translocation                2
   c - Shroud of Golubria             Charms/Translocation         2
   d - Portal Projectile              Translocation                3
   e - Teleport Other                 Translocation                3
   f - Passage of Golubria            Translocation                4
Comestibles
 f - 2 bread rations
 g - a chunk of flesh
 j - a meat ration
 n - a slice of pizza


   Skills:
 - Level 1.5 Fighting
 * Level 2.6 Short Blades
 - Level 0.8 Throwing
 - Level 1.0 Armour
 - Level 2.0 Dodging
 + Level 1.9 Spellcasting
 - Level 3.0 Translocations


You had 4 spell levels left.
You knew the following spells:

 Your Spells              Type           Power        Failure   Level  Hunger
a - Apportation           Tloc           #.........   10%         1    ##.....


Dungeon Overview and Level Annotations

Branches:
Dungeon (2/15)

Altars:


Innate Abilities, Weirdness & Mutations

You have a strong connection with the divine.
You may change religions without suffering divine wrath.
You are mostly covered in slimy green scales (AC +3).
Your skin changes colour to match your surroundings (Stealth).
Your flesh is cold resistant.
Your body is deteriorating.
You are resistant to hostile enchantments.
You are weak. (Str -2)
You evolve.


Message History

Read which item? (? for menu, Esc to quit)
As you read the scroll labeled MULAXEMOUC, it crumbles to dust.
You feel blessed for a moment.
It was a scroll of remove curse.
The adder misses you. x2
Read which item? (? for menu, Esc to quit)
Okay, then.
You feel sick. The adder bites you.
You feel sick. The adder misses you.
You see here a dagger.
You feel sick. The adder bites you.
* * * LOW HITPOINT WARNING * * *
You are lethally poisoned!
The adder poisons you!
You aren't carrying any potions.
Read which item? (? for menu, Esc to quit)
Okay, then.
Are you sure you want to abandon this character and quit the game? (Confirm with "yes".)

###.#
#.........#.......>..
#.#
#....................
####.##
#.......#.##...######
#.....#
#.......#.†....#
#.##.##
#######.##.#.###
#.#### #...)..# #.#
####.####### #.#####
##########.w.....#
#.....#
#...@S).K...####.# #
#####.#
#.#########.####.###.
#.###.# #.##.....w.
#...<.# #.##.#.#...
####### #.##.#.#.(.
#... ..#...
####.###... #> #... #
....


You could see a worm, an adder and a kobold.

Vanquished Creatures
  2 giant geckos (D:1)
  An ooze (D:1)
  A ball python (D:2)
  3 bats (D:1)
  7 hobgoblins
  2 kobolds (D:1)
  A quokka (D:2)
  A giant cockroach (D:1)
  A giant newt (D:1)
  4 goblins
  3 rats (D:1)
26 creatures vanquished.

Notes
Turn   | Place    | Note
--------------------------------------------------------------
     0 | D:1      | backslashecho, the Lacertilian Warper, began the quest for the Orb.
     0 | D:1      | Reached XP level 1. HP: 13/13 MP: 2/2
   225 | D:1      | Reached XP level 2. HP: 12/18 MP: 3/3
   315 | D:1      | Gained mutation: Your body is slowly deteriorating. [potion of mutation]
   315 | D:1      | Gained mutation: Your flesh is cold resistant. [potion of mutation]
   315 | D:1      | Gained mutation: You are weak. (Str -2) [potion of mutation]
   316 | D:1      | Gained mutation: Your body is deteriorating. [potion of mutation]
   316 | D:1      | Gained mutation: You are resistant to hostile enchantments. [potion of mutation]
   316 | D:1      | Gained mutation: You evolve. [potion of mutation]
  1054 | D:2      | Reached XP level 3. HP: 21/23 MP: 5/5
  1291 | D:2      | Quit the game

Action                   || total
-------------------------++-------
Melee: Short sword       ||   137
  Use: Potion            ||     6
       Scroll            ||     3
 Stab: Sleeping          ||     2
  Eat: Chunk             ||     1
